 Dungeon Sprint DCSS version 0.17-a0-1701-gf693a3f (webtiles) character file.

35302 Kidiri the Unseen (level 12, -7/51 HPs)
             Began as a Spriggan Enchanter on Aug 21, 2015.
             Was the Champion of Dithmenos.
             Mangled by a snapping turtle (13 damage)
             ... in the Dungeon (Sprint III: "The Ten Rune Challenge").
             The game lasted 00:17:19 (4119 turns).

Kidiri the Unseen (Spriggan Enchanter)              Turns: 4119, Time: 00:17:19

Health: -7/51      AC: 10    Str:  4 (6)  XL:     12   Next: 61%
Magic:  19/33      EV: 36    Int: 20      God:    Dithmenos [******]
Gold:   25         SH:  0    Dex: 20      Spells: 10 memorised, 16 levels left

rFire  . . .     SeeInvis +     i - +1 dagger (protect)
rCold  . . .     Clarity  +     b - +1 robe
rNeg   . . .     SustAt   .     (shield restricted)
rPois  .         Gourm    .     (helmet restricted)
rElec  .         Spirit   .     (no cloak)
rCorr  .         Warding  .     (gloves unavailable)
rMut   .         NoTele   +     (boots unavailable)
MR     ++...                    (no amulet)
Stlth  ++++++++++               (no ring)
                                (no ring)

@: wreathed by umbra, very quick, very resistant to hostile enchantments,
uncannily stealthy
A: unfitting armour, thin metallic scales 1, see invisible, breathe flames 1,
clarity, clever 1, deterioration 1, herbivore 3, speed 3, slow metabolism 2,
strong 1, wild magic 1
a: Shadow Step, Shadow Form, Renounce Religion, Breathe Fire
}: 1/10 runes: decaying


You were in the Dungeon.
You worshipped Dithmenos.
Dithmenos was exalted by your worship.
You were full.

You visited 1 branch You collected 25 gold pieces.

Inventory:

Hand weapons
 i - a +1 dagger of protection (weapon)
Armour
 b - a +1 robe (worn)
 u - an ice dragon hide
Scrolls
 l - a scroll of holy word
 m - a scroll of amnesia {unknown}
 n - 3 scrolls of remove curse
 r - 3 scrolls of torment {unknown}
Potions
 a - a potion of berserk rage
 c - a potion of lignification {unknown}
 e - a potion of curing
 f - a potion of heal wounds
 g - a potion of haste
 h - 3 potions of magic
 k - a potion of might
 p - 3 potions of cure mutation
 q - 3 potions of flight
 t - a potion of agility
Comestibles
 o - 27 royal jellies
 s - 5 fruits


   Skills:
 + Level 11.4 Short Blades
 * Level 19.3 Dodging
 * Level 20.7 Stealth
 * Level 16.8 Spellcasting
 + Level 7.9 Conjurations
 + Level 12.5 Hexes
 + Level 11.9 Charms
 + Level 8.6 Ice Magic
 - Level 3.2 Invocations


You had 16 spell levels left.
You knew the following spells:

 Your Spells              Type           Power        Failure   Level  Hunger
a - Corona                Hex            #######      1%          1    None
b - Ensorcelled Hibernat  Hex/Ice        ######       1%          2    None
c - Confuse               Hex            #######.     1%          3    None
d - Tukima's Dance        Hex            #######.     1%          3    None
e - Dazzling Spray        Conj/Hex       ######..     1%          3    None
f - Magic Dart            Conj           ####         1%          1    None
g - Searing Ray           Conj           ######       1%          2    None
h - Fulminant Prism       Conj/Hex       ######....   3%          4    None
i - Iskenderun's Mystic   Conj           ######..     4%          4    None
j - Iskenderun's Battles  Conj/Chrm      ######..     4%          5    ###....


Dungeon Overview and Level Annotations

Branches:
Dungeon (1/1)

Altars:
Cheibriados
Dithmenos
Elyvilon
Fedhas
Gozag
Kikubaaqudgha
Makhleb
Nemelex Xobeh
Okawaru
Qazlal
Ru
Sif Muna
Trog
Vehumet
Xom
Yredelemnul
Zin
The Shining One
Jiyva
Lugonu

Shops:
D }(%%:(


Innate Abilities, Weirdness & Mutations

You are tiny and cannot use many weapons and most armour.
You have supernaturally acute eyesight.
You are a herbivore.
You cover ground extremely quickly.
You need consume almost no food.
You are partially covered in thin metallic scales (AC +2).
You can breathe flames.
You possess an exceptional clarity of mind.
Your mind is acute. (Int +2)
Your body sometimes deteriorates upon taking damage.
Your muscles are strong. (Str +2)
Your spells are a little harder to cast, but a little more powerful.


Message History

You hit the alligator snapping turtle but do no damage.
The alligator snapping turtle is moderately wounded.
The snapping turtle bites you from afar!
Your body deteriorates!
You feel weakened.
You emit a cloud of dark smoke.
Casting: Dazzling Spray
Confirm with . or Enter, or press ? or * to list all spells.
Aiming: Ensorcelled Hibernation
Press: ? - help, Shift-Dir - straight line, f/p - snapping turtle
Aim: a snapping turtle (umbra, chance to defeat MR: 55%)
The alligator snapping turtle easily resists.
Your shadow mimicks your spell!
The alligator snapping turtle resists with almost no effort.
The alligator snapping turtle bites you!!!
Ouch! That really hurt!
* * * LOW HITPOINT WARNING * * *
You emit a cloud of dark smoke.
The snapping turtle completely misses you.
The snapping turtle bites you from afar!
You die...

#≈≈≈≈≈≈§≈≈♣♣♣♣♣♣♣#..♣♣
#≈≈≈≈≈§≈≈≈♣ ###+♣♣♣♣♣♣♣
####'#######♣ ♣♣♣♣.##..##≈
...........)...♣♣
♣...##.##.#≈
#+#############'♣
♣♣.##.##.##+ #≈.....%%%...♣
♣..#.##...#
.+≈≈...########♣♣
♣♣.##.##.)#
J.#≈≈≈......§§§..♣
♣♣.##.#####
J.#≈≈≈≈.....§@§..♣
♣.....##... #
###########t#############+##
▓tt.........P▓#.♣♣
▓≈≈.......P≈≈▓#♣.♣
▓≈≈≈....PP≈≈≈▓ ♣.♣
▓≈≈≈≈≈..≈≈≈≈≈▓ ♣♣.
▓≈≈≈≈≈≈≈≈≈≈≈≈▓ ♣.♣
▓≈≈≈≈≈≈≈≈≈≈≈≈▓ ♣≈♣
▓≈≈≈≈≈≈≈≈≈≈≈≈▓ ♣..


You could see an alligator snapping turtle (blind) and 2 snapping turtles.

Vanquished Creatures
  Rupert (D)
  A kraken (D)
  Maud (D)
  3 hydras (D)
  An ice dragon (D)
  Erica (D)
  4 death yaks (D)
  A centaur warrior (D)
  A spriggan druid (D)
  2 unseen horrors (D)
  A death drake (D)
  A lindwurm (D)
  2 spiny frogs (D)
  2 black mambas (D)
  A komodo dragon (D)
  A fire drake (D)
  A queen bee (D)
  A deep elf priest (D)
  3 wandering mushrooms (D)
  A shadow (D)
  2 spriggans (D)
  3 snapping turtles (D)
  8 blink frogs (D)
  3 redbacks (D)
  A spatial vortex (D)
  A hydra simulacrum (D)
  A swamp drake (D)
  A necrophage (D)
  2 centaurs (D)
  An earth elemental (D)
  2 brain worms (D)
  A water elemental (D)
  32 killer bees (D)
  An electric eel (D)
  A jelly (D)
  Jessica (D)
  A necromancer (D)
  A wizard (D)
  A wolf (D)
  3 humans (D)
  A kobold demonologist (D)
  An ooze (D)
  2 swamp drake simulacra (D)
  2 rats (D)
  2 plants (D)
105 creatures vanquished.

Vanquished Creatures (others)
  2 draconian scorchers (D)
  3 yaktaurs (D)
  11 plants (D)
  16 tentacles (D)
  104 tentacle segments (D)
136 creatures vanquished.

Grand Total: 241 creatures vanquished

Notes
Turn   | Place    | Note
--------------------------------------------------------------
     0 | D        | Kidiri the Spriggan Enchanter began the quest for the Orb.
     0 | D        | Reached XP level 1. HP: 9/9 MP: 5/5
    11 | D        | Reached skill level 5 in Stealth
    31 | D        | Noticed Jessica
    41 | D        | Killed Jessica
    41 | D        | Reached skill level 5 in Dodging
    41 | D        | Reached skill level 6 in Stealth
    41 | D        | Reached XP level 2. HP: 5/13 MP: 4/8
    41 | D        | Reached XP level 3. HP: 6/16 MP: 5/10
    45 | D        | Learned a level 2 spell: Ensorcelled Hibernation
    49 | D        | Learned a level 3 spell: Confuse
    53 | D        | Learned a level 3 spell: Tukima's Dance
   117 | D        | Killed a yaktaur
   183 | D        | Killed a white draconian scorcher
   211 | D        | Killed a white draconian scorcher
   252 | D        | Noticed a wolf
   268 | D        | Reached skill level 7 in Stealth
   268 | D        | Reached skill level 5 in Spellcasting
   430 | D        | Killed a wolf
   430 | D        | Reached skill level 1 in Ice Magic
   430 | D        | Reached XP level 4. HP: 21/21 MP: 6/12
   435 | D        | Learned a level 3 spell: Dazzling Spray
   456 | D        | Gained mutation: Your mind is acute. (Int +2) [potion of mutation]
   456 | D        | Gained mutation: You are partially covered in thin metallic scales (AC +2). [potion of mutation]
   456 | D        | Gained mutation: Your body sometimes deteriorates upon taking damage. [potion of mutation]
   457 | D        | Gained mutation: You possess an exceptional clarity of mind. [potion of mutation]
   457 | D        | Gained mutation: Your spells are a little harder to cast, but a little more powerful. [potion of mutation]
   457 | D        | Gained mutation: Your muscles are strong. (Str +2) [potion of mutation]
   485 | D        | Noticed a water elemental
   487 | D        | Killed a water elemental
   487 | D        | Reached skill level 8 in Stealth
   487 | D        | Reached skill level 5 in Hexes
   497 | D        | Noticed a jelly
   498 | D        | Noticed a shadow
   522 | D        | Killed a shadow
   522 | D        | Reached skill level 9 in Dodging
   522 | D        | Reached skill level 10 in Stealth
   522 | D        | Reached XP level 5. HP: 24/24 MP: 2/16
   522 | D        | Reached XP level 6. HP: 28/28 MP: 2/17
   630 | D        | Killed a jelly
   677 | D        | Found a stormy altar of Qazlal.
   677 | D        | Noticed a spatial vortex
   678 | D        | Found a sacrificial altar of Ru.
   678 | D        | Found a burning altar of Makhleb.
   678 | D        | Found a viscous altar of Jiyva.
   678 | D        | Found a shimmering altar of Xom.
   678 | D        | Found a shadowy altar of Dithmenos.
   678 | D        | Found a sparkling altar of Nemelex Xobeh.
   678 | D        | Found a corrupted altar of Lugonu.
   678 | D        | Found an opulent altar of Gozag.
   682 | D        | Became a worshipper of Dithmenos the Shadowed
   694 | D        | Killed a spatial vortex
   694 | D        | Reached skill level 5 in Short Blades
   694 | D        | Reached skill level 10 in Dodging
   694 | D        | Reached skill level 11 in Stealth
   694 | D        | Reached skill level 1 in Invocations
   815 | D        | Found a radiant altar of Vehumet.
   816 | D        | Found a deep blue altar of Sif Muna.
   816 | D        | Found an ancient bone altar of Kikubaaqudgha.
   816 | D        | Noticed a wizard
   817 | D        | Killed a wizard
   834 | D        | Learned a level 1 spell: Magic Dart
   837 | D        | Learned a level 2 spell: Searing Ray
   842 | D        | Learned a level 4 spell: Fulminant Prism
   851 | D        | Found a glowing silver altar of Zin.
   852 | D        | Found a glowing golden altar of the Shining One.
   852 | D        | Found a white marble altar of Elyvilon.
   852 | D        | Noticed a deep elf priest
   854 | D        | Killed a deep elf priest
   854 | D        | Reached XP level 7. HP: 32/32 MP: 18/20
   869 | D        | Found an iron altar of Okawaru.
   870 | D        | Found a bloodstained altar of Trog.
   870 | D        | Noticed a human
   870 | D        | Noticed a human
   872 | D        | Killed a human
   872 | D        | Reached skill level 12 in Stealth
   873 | D        | Killed a human
   890 | D        | Learned a level 4 spell: Iskenderun's Mystic Blast
   946 | D        | Found a basalt altar of Yredelemnul.
   946 | D        | Found a snail-covered altar of Cheibriados.
   946 | D        | Found a blossoming altar of Fedhas.
   946 | D        | Noticed a necrophage
   946 | D        | Noticed a necromancer
   948 | D        | Killed a necrophage
   948 | D        | Acquired Dithmenos's first power
   948 | D        | Reached skill level 10 in Spellcasting
   948 | D        | Reached XP level 8. HP: 36/36 MP: 23/23
   949 | D        | Killed a necromancer
   972 | D        | Noticed Erica
   974 | D        | Killed Erica
   974 | D        | Reached skill level 13 in Stealth
   977 | D        | Gained mutation: You can breathe flames. [potion of mutation]
   984 | D        | Learned a level 5 spell: Iskenderun's Battlesphere
   988 | D        | Noticed an earth elemental
   991 | D        | Killed an earth elemental
   996 | D        | Noticed a centaur
   996 | D        | Noticed a centaur warrior
   996 | D        | Noticed a centaur
   999 | D        | Killed a centaur
   999 | D        | Reached skill level 14 in Stealth
   999 | D        | Reached skill level 1 in Charms
  1015 | D        | Killed a centaur
  1015 | D        | Reached XP level 9. HP: 39/39 MP: 0/25
  1022 | D        | Killed a centaur warrior
  1022 | D        | Acquired Dithmenos's second power
  1022 | D        | Reached skill level 5 in Ice Magic
  1080 | D        | Killed a yaktaur
  1138 | D        | Noticed an unseen horror
  1138 | D        | Noticed an unseen horror
  1139 | D        | Killed an unseen horror
  1139 | D        | Reached skill level 15 in Stealth
  1141 | D        | Killed an unseen horror
  1161 | D        | Noticed a killer bee
  1161 | D        | Noticed a killer bee
  1161 | D        | Noticed a killer bee
  1161 | D        | Noticed a killer bee
  1161 | D        | Noticed a killer bee
  1161 | D        | Noticed a killer bee
  1161 | D        | Noticed a killer bee
  1161 | D        | Noticed a killer bee
  1161 | D        | Noticed a queen bee
  1161 | D        | Noticed a killer bee
  1161 | D        | Noticed a killer bee
  1161 | D        | Noticed a killer bee
  1161 | D        | Noticed a killer bee
  1161 | D        | Noticed a killer bee
  1161 | D        | Noticed a killer bee
  1163 | D        | Noticed a killer bee
  1163 | D        | Noticed a killer bee
  1163 | D        | Killed a killer bee
  1163 | D        | Reached skill level 5 in Charms
  1164 | D        | Noticed a killer bee
  1165 | D        | Noticed a killer bee
  1165 | D        | Noticed a killer bee
  1165 | D        | Noticed a killer bee
  1165 | D        | Killed a killer bee
  1165 | D        | Acquired Dithmenos's third power
  1166 | D        | Noticed a killer bee
  1166 | D        | Noticed a killer bee
  1168 | D        | Noticed a killer bee
  1169 | D        | Noticed a killer bee
  1169 | D        | Noticed a killer bee
  1169 | D        | Killed a killer bee
  1171 | D        | Noticed a killer bee
  1171 | D        | Noticed a killer bee
  1172 | D        | Noticed a killer bee
  1173 | D        | Killed a killer bee
  1175 | D        | Noticed a killer bee
  1175 | D        | Killed a killer bee
  1175 | D        | Reached skill level 5 in Conjurations
  1176 | D        | Noticed a killer bee
  1177 | D        | Noticed a killer bee
  1177 | D        | Killed a killer bee
  1179 | D        | Noticed a killer bee
  1179 | D        | Killed a killer bee
  1181 | D        | Killed a killer bee
  1183 | D        | Killed a killer bee
  1183 | D        | Acquired Dithmenos's fourth power
  1185 | D        | Killed a killer bee
  1185 | D        | Reached XP level 10. HP: 42/44 MP: 5/27
  1187 | D        | Killed a killer bee
  1189 | D        | Killed a killer bee
  1327 | D        | Killed a killer bee
  1328 | D        | Killed a killer bee
  1329 | D        | Killed a killer bee
  1331 | D        | Killed a killer bee
  1335 | D        | Killed a killer bee
  1337 | D        | Killed a killer bee
  1339 | D        | Killed a killer bee
  1341 | D        | Killed a killer bee
  1341 | D        | Reached skill level 16 in Stealth
  1343 | D        | Killed a killer bee
  1345 | D        | Killed a killer bee
  1347 | D        | Killed a killer bee
  1349 | D        | Killed a killer bee
  1351 | D        | Killed a killer bee
  1353 | D        | Killed a killer bee
  1355 | D        | Killed a killer bee
  1491 | D        | Killed a killer bee
  1493 | D        | Killed a killer bee
  1494 | D        | Killed a killer bee
  1496 | D        | Killed a killer bee
  1499 | D        | Killed a killer bee
  1508 | D        | Killed a queen bee
  1508 | D        | Reached skill level 15 in Dodging
  1590 | D        | Noticed a wandering mushroom
  1591 | D        | Noticed a wandering mushroom
  1591 | D        | Noticed a wandering mushroom
  1592 | D        | Killed a wandering mushroom
  1596 | D        | Killed a wandering mushroom
  1598 | D        | Killed a wandering mushroom
  1810 | D        | Noticed a spiny frog
  1810 | D        | Noticed a komodo dragon
  1810 | D        | Noticed a spiny frog
  1813 | D        | Killed a komodo dragon
  1819 | D        | Killed a spiny frog
  1819 | D        | Reached skill level 10 in Hexes
  1823 | D        | Killed a spiny frog
  1823 | D        | Reached skill level 17 in Stealth
  1853 | D        | Noticed a redback
  1858 | D        | Killed a redback
  1859 | D        | Noticed a brain worm
  1862 | D        | Killed a brain worm
  1868 | D        | Noticed a brain worm
  1870 | D        | Killed a brain worm
  1876 | D        | Noticed a lindwurm
  1878 | D        | Noticed a redback
  1879 | D        | Killed a lindwurm
  1884 | D        | Killed a redback
  1958 | D        | Noticed a redback
  1959 | D        | Killed a redback
  1960 | D        | Noticed Maud
  1962 | D        | Killed Maud
  1962 | D        | Reached XP level 11. HP: 47/47 MP: 28/30
  1971 | D        | Noticed an electric eel
  1972 | D        | Noticed a six-headed hydra
  1972 | D        | Noticed a six-headed hydra
  1973 | D        | Killed an electric eel
  1975 | D        | Killed a six-headed hydra
  1975 | D        | Reached skill level 18 in Stealth
  1976 | D        | Killed a six-headed hydra
  1978 | D        | Killed a yaktaur
  2012 | D        | Noticed a death drake
  2015 | D        | Killed a death drake
  2015 | D        | Reached skill level 10 in Short Blades
  2022 | D        | Found a blossoming altar of Fedhas.
  2022 | D        | Noticed a spriggan
  2022 | D        | Noticed a spriggan druid
  2022 | D        | Noticed a spriggan
  2025 | D        | Killed a spriggan druid
  2026 | D        | Killed a spriggan
  2027 | D        | Killed a spriggan
  2027 | D        | Reached skill level 15 in Spellcasting
  2083 | D        | Found Rol Ysaf's Food Emporium.
  2085 | D        | Found Ramnuaclo's Book Shop.
  2086 | D        | Found Icsahoisch's Antique Weapon Shoppe.
  2608 | D        | Noticed a seven-headed hydra
  2608 | D        | Noticed an ice dragon
  2608 | D        | Noticed a five-headed hydra simulacrum
  2610 | D        | Killed a five-headed hydra simulacrum
  2611 | D        | Killed an ice dragon
  2648 | D        | Killed a seven-headed hydra
  2648 | D        | Reached skill level 10 in Charms
  2657 | D        | Got a decaying rune of Zot
  2866 | D        | Noticed a swamp drake
  2866 | D        | Noticed a fire drake
  2867 | D        | Killed a fire drake
  2867 | D        | Reached skill level 19 in Stealth
  2869 | D        | Killed a swamp drake
  2877 | D        | Noticed a blink frog
  2878 | D        | Noticed a blink frog
  2878 | D        | Noticed a blink frog
  2878 | D        | Noticed a blink frog
  2878 | D        | Noticed a blink frog
  2879 | D        | Killed a blink frog
  2882 | D        | Killed a blink frog
  2884 | D        | Killed a blink frog
  2887 | D        | Killed a blink frog
  2890 | D        | Killed a blink frog
  3142 | D        | Noticed Rupert
  3144 | D        | Killed Rupert
  3144 | D        | Reached XP level 12. HP: 51/51 MP: 27/32
  3168 | D        | Noticed a death yak
  3169 | D        | Noticed a death yak
  3169 | D        | Noticed a blink frog
  3170 | D        | Noticed an azure jelly
  3170 | D        | Noticed a death yak
  3170 | D        | Noticed an azure jelly
  3170 | D        | Noticed a blink frog
  3170 | D        | Noticed a death yak
  3171 | D        | Killed a death yak
  3172 | D        | Noticed a blink frog
  3179 | D        | Killed a death yak
  3184 | D        | Killed a blink frog
  3184 | D        | Reached skill level 20 in Stealth
  3193 | D        | Killed a death yak
  3343 | D        | Noticed a black mamba
  3347 | D        | Noticed a black mamba
  3347 | D        | Killed a black mamba
  3349 | D        | Killed a death yak
  3353 | D        | Killed a blink frog
  3359 | D        | Killed a blink frog
  3367 | D        | Killed a black mamba
  3515 | D        | Noticed a snapping turtle
  3520 | D        | Noticed a kraken
  3521 | D        | Killed a snapping turtle
  3562 | D        | Noticed a snapping turtle
  3764 | D        | Killed a kraken
  3804 | D        | Noticed a snapping turtle
  3804 | D        | Noticed an alligator snapping turtle
  3804 | D        | Noticed a snapping turtle
  3804 | D        | Noticed a snapping turtle
  3804 | D        | Found Fiykkasu's Food Shop.
  3804 | D        | Found Coeqys's Antique Weapon Boutique.
  3804 | D        | Found Xyerawuh's Gadget Shoppe.
  3806 | D        | Killed a snapping turtle
  3808 | D        | Killed a snapping turtle
  4119 | D        | Mangled by a snapping turtle

Vault maps used:
D:        dungeon_sprint_mu

Action                   |  1- 3 |  4- 6 |  7- 9 | 10-12 || total
-------------------------+-------+-------+-------+-------++-------
Melee: Dagger            |    14 |    13 |    32 |   290 ||   349
 Cast: Corona            |     3 |       |       |       ||     3
       Ensorcelled Hiber |     3 |       |    13 |    41 ||    57
       Dazzling Spray    |       |     9 |     7 |    41 ||    57
       Confuse           |       |       |       |     2 ||     2
       Iskenderun's Myst |       |       |       |     2 ||     2
Invok: Shadow Step       |       |       |       |    12 ||    12
  Use: Potion            |       |     3 |     1 |       ||     4
       Scroll            |       |     2 |       |     1 ||     3
 Stab: Sleeping          |     5 |     5 |    18 |    50 ||    78
       Invisible         |       |       |     2 |     7 ||     9
  Eat: Bread ration      |       |       |       |     1 ||     1
       Fruit             |       |       |       |     1 ||     1
